 Dungeon Crawl Stone Soup version 0.22-b1-26-g9dbaab1 (webtiles) character file.

1927 poirepourri the Cleaver (level 8, 0/69 HPs)
             Began as a Deep Dwarf Fighter on Aug 8, 2018.
             Was a Follower of Makhleb.
             Slain by a sky beast (5 damage)
             ... on level 6 of the Dungeon.
             The game lasted 00:07:24 (4846 turns).

poirepourri the Cleaver (Deep Dwarf Fighter)        Turns: 4846, Time: 00:07:25

Health: 0/69       AC:  9    Str: 20      XL:     8   Next: 96%
Magic:  0/5        EV:  7    Int:  8 (9)  God:    Makhleb [*.....]
Gold:   357        SH:  9    Dex: 15 (16) Spells: 7/7 levels left

rFire    + . .     SeeInvis .   a - +0 war axe
rCold    . . .     Gourm    .   c - +0 shield
rNeg     . . .     Faith    .   t - +0 scale mail
rPois    .         Spirit   +   (no helmet)
rElec    .         Reflect  .   B - scarf {Spirit}
rCorr    +         Harm     .   j - +0 pair of gloves
MR       +....                  l - +0 pair of boots
Stlth    ..........             (no amulet)
HPRegen  0.00/turn              e - ring of resist corrosion
MPRegen  0.09/turn              q - ring of protection from fire

@: non-regenerating
A: damage resistance, heal wounds, talons 1, agile 1, sense surroundings 1, no
regeneration
a: Heal Wounds, Renounce Religion


You were on level 6 of the Dungeon.
You worshipped Makhleb.
Makhleb was aware of your devotion.
You were not hungry.

You visited 2 branches of the dungeon, and saw 7 of its levels.

You collected 357 gold pieces.

Inventory:

Hand Weapons
 a - a +0 war axe (weapon)
 b - a +0 blowgun
Missiles
 n - 38 bolts
 r - 4 tomahawks (quivered)
 u - 9 poisoned needles
Armour
 c - a +0 shield (worn)
 j - a +0 pair of gloves (worn)
 l - a +0 pair of boots (worn)
 t - a +0 scale mail (worn)
 A - a +1 cloak
 B - a scarf of spirit shield (worn)
Jewellery
 d - an uncursed amulet of guardian spirit {unknown}
 e - a ring of resist corrosion (left hand)
 q - a ring of protection from fire (right hand)
 C - an uncursed ring of see invisible {unknown}
Wands
 p - a wand of random effects (85)
 s - a wand of scattershot (2)
Scrolls
 g - a scroll of random uselessness {unknown}
 h - 3 scrolls of identify
 o - 4 scrolls of remove curse
 w - 3 scrolls of fog
 y - a scroll of fear
 z - a scroll of amnesia {unknown}
Potions
 i - 4 potions of curing
 k - 2 potions of agility
 m - a potion of resistance
 v - a potion of degeneration
 x - a potion of lignification
Comestibles
 f - 10 rations


   Skills:
 + Level 3.3 Fighting
 - Level 12.3 Axes
 - Level 3.2 Armour
 - Level 3.2 Shields


You had 7 spell levels left.
You didn't know any spells.
Your spell library was empty.

Dungeon Overview and Level Annotations

Branches:
Dungeon (6/15)             Temple (1/1) D:5

Altars:
Ashenzari
Cheibriados
Dithmenos
Elyvilon
Fedhas
Gozag
Hepliaklqana
Makhleb
Nemelex Xobeh
Okawaru
Qazlal
Ru
Trog
Uskayaw
Wu Jian
Xom
Yredelemnul
Zin
The Shining One


Innate Abilities, Weirdness & Mutations

You are resistant to damage.
You can heal yourself by infusing magical energy.
You passively map a small area around you.
You do not regenerate.
You have sharp toenails.
You are agile. (Dex +2)


Message History

The sky beast closely misses you.
You hit the sky beast.
The sky beast is severely wounded.
The sky beast closely misses you.
You barely miss the sky beast.
The sky beast is severely wounded.
The sky beast hits you but does no damage.
You hit the sky beast.
The sky beast is almost dead.
The sky beast flickers out of sight!
Deactivating autopickup; reactivate with Ctrl-A.
Something hits you.
* * * LOW HITPOINT WARNING * * *
Something shocks you.
* * * LOW HITPOINT WARNING * * *
You miss something. Something hits you but does no damage.
Unknown command.
Unknown command.
You fail to use your ability.
Something hits you. Something shocks you.
You die...

....# ##...########
##..###.....#≈≈≈≈≈≈≈#
##.##......#≈≈...≈≈#
#.........#≈..$..≈#
#.........#≈.$...≈#
##.........#§..$..≈#
##..........#≈§.r.≈≈#
............#≈≈§{≈§≈# *
............####@##* *
#..............#..###
#..............#....#..
#.............#.........,
#...............######..
#...........###.# .
.#........### #.#
##.######## ### ### ,


You could see a quokka.

Vanquished Creatures
  A wyvern (D:6)
  Edmund (D:6)
  A sky beast (D:5)
  2 ogres
  2 centaurs (D:6)
  Blork the orc (D:6)
  A bullfrog (D:6)
  A gnoll sergeant (D:6)
  A wyvern skeleton (D:4)
  2 scorpions (D:4)
  A howler monkey (D:6)
  3 crimson imps
  2 centaur zombies
  A hound (D:6)
  4 orc priests
  A bullfrog skeleton (D:5)
  A gnoll shaman (D:6)
  An iguana (D:6)
  2 orc wizards (D:4)
  4 worker ants
  A hound zombie (D:6)
  8 gnolls (D:6)
  9 adders
  An adder skeleton (D:4)
  3 worms
  3 dart slugs
  4 leopard geckos
  11 orcs
  A ball python (D:5)
  10 bats
  5 giant cockroaches
  7 goblins
  10 hobgoblins
  12 jackals
  8 kobolds
  3 quokkas
  4 frilled lizards
  A leopard gecko skeleton (D:6)
  A quokka skeleton (D:4)
  8 rats
143 creatures vanquished.

Vanquished Creatures (others)
  An orc wizard (D:4)
1 creature vanquished.

Grand Total: 144 creatures vanquished

Notes
Turn   | Place    | Note
-------+----------+-------------------------------------------
     0 | D:1      | poirepourri the Deep Dwarf Fighter began the quest for the Orb.
     0 | D:1      | Reached XP level 1. HP: 20/20 MP: 1/1
   106 | D:1      | Reached skill level 3 in Axes
   164 | D:1      | Reached XP level 2. HP: 25/27 MP: 2/2
   688 | D:2      | Reached XP level 3. HP: 24/33 MP: 3/3
   721 | D:2      | Reached skill level 4 in Axes
  1037 | D:2      | Found a blossoming altar of Fedhas.
  1640 | D:3      | Reached XP level 4. HP: 23/40 MP: 4/4
  1696 | D:3      | Reached skill level 5 in Axes
  2033 | D:3      | Found a basalt altar of Yredelemnul.
  2033 | D:3      | Found a hazy altar of Hepliaklqana.
  2423 | D:4      | Reached XP level 5. HP: 24/46 MP: 5/5
  2425 | D:4      | Reached skill level 6 in Axes
  2433 | D:4      | Reached skill level 7 in Axes
  2433 | D:4      | Reached XP level 6. HP: 22/55 MP: 6/6
  2625 | D:4      | Found a glowing golden altar of the Shining One.
  2936 | D:4      | Reached skill level 8 in Axes
  3033 | D:4      | Found a sacrificial altar of Ru.
  3105 | D:5      | Entered Level 5 of the Dungeon
  3126 | D:5      | Reached XP level 7. HP: 50/61 MP: 7/7
  3159 | D:5      | Found a shimmering altar of Xom.
  3277 | D:5      | Found a staircase to the Ecumenical Temple.
  3287 | D:5      | Reached skill level 9 in Axes
  3296 | Temple   | Entered the Ecumenical Temple
  3324 | Temple   | Became a worshipper of Makhleb the Destroyer
  3884 | D:6      | Reached skill level 10 in Axes
  3889 | D:6      | Found a shattered altar of Ashenzari.
  3889 | D:6      | Noticed Blork the orc
  3898 | D:6      | Killed Blork the orc
  3908 | D:6      | Reached XP level 8. HP: 48/68 MP: 8/8
  4064 | D:6      | Reached skill level 11 in Axes
  4125 | D:6      | Found a white marble altar of Elyvilon.
  4135 | D:6      | Reached * piety under Makhleb
  4295 | D:6      | Noticed Edmund
  4305 | D:6      | Gained mutation: You have sharp toenails. [potion of mutation]
  4305 | D:6      | Gained mutation: You are agile. (Dex +2) [potion of mutation]
  4324 | D:6      | Killed Edmund
  4336 | D:6      | Reached skill level 12 in Axes
  4846 | D:6      | Slain by a sky beast

Skill      XL: |  1  2  3  4  5  6  7  8 |
---------------+-------------------------+-----
Axes           | 3 4 5 7 8 10 12 | 12.3
Fighting       | 3 |  3.3
Armour         | |  3.2
Shields        | |  3.2

Action                   |  1- 3 |  4- 6 |  7- 9 || total
-------------------------+-------+-------+-------++-------
Melee: War axe           |   139 |   121 |   260 ||   520
 Fire: Blowgun           |       |     4 |       ||     4
 Abil: Heal Wounds       |       |     2 |     6 ||     8
Evoke: Wand              |       |       |     4 ||     4
  Use: Scroll            |     3 |     9 |     1 ||    13
       Potion            |       |     5 |     5 ||    10
  Eat: Chunk             |     2 |     2 |       ||     4
       Ration            |     1 |       |     2 ||     3
Armor: Scale mail        |    71 |    65 |   118 ||   254
       Skin              |       |     7 |     2 ||     9
Dodge: Dodged            |    45 |    56 |    68 ||   169
Block: Shield            |    80 |    69 |   142 ||   291
